Map: Acropolis LE

Players

Neeb - Winner!

  • Race: Protoss Protoss
  • Spawn Location: 5:00

Cham

  • Race: Zerg Zerg
  • Spawn Location: 11:00

Event: 2019 WCS Summer

VOD

Have the link to the VOD?

Description

Time

  • Played on: July 13, 2019, 10:27 a.m.
  • Length: 6:52

All games in this series

Show
View Real Time Build Order
Export as new Build Order

Neeb Protoss - Winner!

Build Orders: 1 Gate Expand, Oracle Opening, Phoenix Opening, Mass Adepts 

Get SALT Encoding   

  12  0:00  Probe  
  13  0:12  Probe  
  14  0:17  Pylon  
  14  0:25  Probe  
  14  0:28  Assimilator  
  15  0:35  Probe  
  16  0:43  Probe  
  16  0:45  Gateway  
  17  0:51  Probe  
  18  1:03  Probe  
  19  1:15  Probe  
  20  1:22  Nexus  
  20  1:32  Cybernetics Core  
  20  1:35  Probe  
  21  1:40  Assimilator  
  21  1:47  Probe  
  21  1:49  Pylon  
  22  1:56  Probe  
  22  1:59  Adept  
  23  2:04  Probe  
  24  2:11  Warp Gate  
  24  2:13  Probe  
  27  2:22  Stargate  
  27  2:25  Probe  
  28  2:30  Adept  
  28  2:35  Probe  
  31  2:37  Probe  
  32  2:47  Probe, Gateway  
  32  2:49  Probe  
  34  2:57  Gateway  
  34  2:59  Probe, Phoenix  
  34  3:03  Probe  
  36  3:12  Probe  
  39  3:17  Adept  
  39  3:18  Probe, Oracle  
  42  3:20  Pylon  
  42  3:24  Probe  
  46  3:36  Pylon  
  46  3:38  Probe x2  
  48  3:46  Twilight Council  
  48  3:49  Assimilator  
  48  3:50  Probe  
  50  3:58  Pylon  
  50  4:00  Adept x3  
  50  4:02  Probe  
  56  4:04  Probe  
  56  4:08  Resonating Glaives  
  57  4:14  Probe  
  57  4:17  Probe  
  59  4:18  Pylon  
  59  4:20  Adept x3  
  65  4:26  Probe  
  65  4:29  Probe  
  65  4:38  Probe  
  65  4:41  Adept x3  
  65  4:43  Assimilator  
  72  4:46  Pylon  
  72  4:57  Probe x2  
  74  5:02  Adept x2  
  78  5:09  Probe x2  
  78  5:13  Pylon  
  78  5:21  Probe x2, Robotics Facility  
  78  5:24  Adept  
  78  5:25  Adept x2  
  84  5:33  Probe x2  
  86  5:45  Shield Battery  
  86  5:46  Stalker x3  
  86  5:47  Shield Battery  
  86  5:48  Shield Battery  
  92  5:53  Shield Battery  
  92  5:57  Immortal  
  78  6:09  Gateway  
  82  6:11  Stalker x2  
  82  6:13  Gateway  
  82  6:18  Pylon  
  86  6:20  Pylon  
  84  6:27  Pylon  
  84  6:39  Stalker x2  
Show
View Real Time Build Order
Export as new Build Order

Cham Zerg 

Build Orders: Hatch First 

Get SALT Encoding   

  12  0:00  Drone  
  13  0:08  Drone  
  14  0:17  Overlord  
  14  0:36  Drone x2  
  16  0:47  Hatchery  
  15  0:51  Drone  
  15  0:55  Drone  
  17  0:59  Drone  
  18  1:09  Extractor  
  17  1:13  Spawning Pool  
  17  1:17  Drone  
  17  1:20  Drone  
  18  1:31  Drone  
  19  1:41  Drone  
  20  1:52  Drone  
  21  2:00  Queen x2  
  25  2:01  Zergling x2  
  25  2:02  Zergling x2  
  27  2:08  Metabolic Boost  
  27  2:12  Drone  
  28  2:17  Overlord  
  28  2:29  Hatchery  
  27  2:34  Drone  
  27  2:36  Overlord  
  29  2:44  Drone x3  
  31  2:53  Queen  
  31  2:56  Drone  
  34  2:59  Drone  
  34  3:01  Drone  
  36  3:09  Drone, Spore Crawler  
  36  3:12  Zergling x4  
  38  3:20  Drone  
  38  3:24  Lair  
  38  3:25  Zergling x2  
  38  3:26  Drone  
  41  3:30  Drone x2  
  43  3:35  Overlord  
  43  3:42  Queen  
  43  3:48  Overlord x2  
  45  3:53  Queen  
  47  3:58  Drone x3  
  49  4:07  Roach Warren  
  49  4:08  Zergling x4  
  50  4:10  Zergling x2  
  50  4:11  Zergling x2  
  50  4:14  Zergling x2  
  50  4:17  Zergling x2  
  54  4:19  Extractor  
  54  4:21  Drone x2  
  55  4:32  Drone x3  
  55  4:37  Drone x3, Overlord  
  58  4:45  Nydus Network  
  57  4:46  Overlord  
  57  4:51  Overlord  
  56  4:57  Roach x2  
  61  5:00  Roach  
  58  5:07  Roach x2  
  58  5:10  Roach  
  58  5:11  Roach  
  66  5:15  Roach  
  66  5:16  Roach  
  69  5:26  Roach  
  69  5:28  Overlord  
  71  5:29  Roach  
  71  5:33  Overlord  
  72  5:37  Nydus Canal  
  72  5:38  Roach  
  74  5:43  Overlord x2  
  74  5:44  Overlord  
  74  5:47  Overlord  
  74  5:56  Nydus Canal  
  74  5:57  Roach  
  74  5:59  Queen  
  74  6:06  Roach  
  75  6:25  Roach x2  
  79  6:28  Roach x2  
  83  6:32  Roach  
  83  6:33  Roach  
Tags
 
Add a new tag
Caveats
  • Supply blocks, unpowered buildings, or Contaminate may cause inaccurate times.
  • Supply counts are checked every 10 seconds.